 Dungeon Crawl Stone Soup version 0.30-a0-989-g0d87f670db (webtiles) character file.

Game seed: 1028869643714778621

332 jasper the Chiller (level 6, 0/47 HPs)
             Began as a Draconian Wanderer on Apr 3, 2023.
             Slain by Pikel
             ... wielding a +2 whip of flaming
              (3 damage)
             ... on level 4 of the Dungeon.
             The game lasted 00:06:18 (3148 turns).

jasper the Chiller (Draconian Wanderer)             Turns: 3148, Time: 00:06:18

Health: 0/47       AC:  7    Str: 13    XL:     6   Next: 26%
Magic:  8/11       EV: 11    Int: 21    God:
Gold:   177        SH:  0    Dex: 17    Spells: 5/12 levels left

rFire   . . .      SeeInvis .    a - +0 falchion
rCold   . . .      Faith    .    (no shield)
rNeg    . . .      Spirit   .    (body armour unavailable)
rPois   .          Reflect  .    b - +0 hat
rElec   .          Rampage  .    d - +0 cloak
rCorr   .                        (no gloves)
Will    .....                    (no boots)
Stlth   ++                       i - amulet of magic regeneration
HPRegen 0.27/turn                m - +6 ring of dexterity
MPRegen 0.52/turn                j - +6 ring of intelligence

@: no status effects
A: AC +6, unfitting armour, cold-blooded
a: no special abilities


You were on level 4 of the Dungeon.
You visited 1 branch of the dungeon, and saw 4 of its levels.

You collected 177 gold pieces.

Inventory:

Hand Weapons
 a - a +0 falchion (weapon)
Missiles
 l - 3 curare-tipped darts
Armour
 b - a +0 hat (worn)
 d - a +0 cloak (worn)
Magical Staves
 o - a staff of poison
Jewellery
 i - an amulet of magic regeneration (around neck)
 j - a +6 ring of intelligence (right hand)
 m - a +6 ring of dexterity (left hand)
Scrolls
 e - 2 scrolls of teleportation {unknown}
 f - 2 scrolls of noise {unknown}
 g - a scroll of poison {unknown}
 k - a scroll of brand weapon {unknown}
 n - a scroll of identify {unknown}
 p - 2 scrolls of amnesia {unknown}
 r - a scroll of vulnerability {unknown}
 s - a scroll of enchant weapon {unknown}
Potions
 c - a potion of attraction
 h - 2 potions of curing {unknown}
 q - a potion of degeneration {unknown}


   Skills:
 - Level 1.1 Fighting
 - Level 2.0 Long Blades
 - Level 1.7 Stealth
 + Level 3.9 Spellcasting
 + Level 3.4 Conjurations
 - Level 5.0 Ice Magic
 + Level 0.0 Air Magic
 + Level 0.0 Poison Magic


You had 5 spell levels left.
You knew the following spells:

 Your Spells              Type           Power      Damage    Failure   Level
a - Freeze                Ice            100%       1d10      1%          1
b - Hailstorm             Conj/Ice       21%        3d6       6%          3
c - Mephitic Cloud        Conj/Pois/Air  8%         N/A       22%         3

Your spell library contained the following spells:

 Spells                   Type           Power      Damage    Failure   Level
 Cigotuvi's Dreadful Rot  Necr/Pois/Air  8%         N/A       19%         2
 Poisonous Vapours        Pois/Air       8%         N/A       19%         2
 Dazzling Flash           Conj/Hex       22%        N/A       19%         3
 Ice Form                 Ice/Tmut       14%        N/A       41%         4
 Iskenderun's Mystic Bla  Conj/Tloc      11%        2d4       52%         4
 Starburst                Conj/Fire      5%         6d4       100%        6


Dungeon Overview and Level Annotations

Branches:
Dungeon (4/15)
 Temple: D:4-7

Altars:
Dithmenos
Makhleb
Ru
Vehumet
Wu Jian

Shops:
D:3 [

Annotations:
D:4 Pikel


Innate Abilities, Weirdness & Mutations

Your plain brown scales are hard. (AC +6)
You cannot fit into any form of body armour.
You are cold-blooded and may be slowed by cold attacks.


Message History

Aim: Pikel, wielding a +2 whip of flaming and wearing a +0 robe (moderately wounded)
You freeze Pikel.
Pikel is heavily wounded.
Pikel misses you.
You now have 9/11 mp.
Aiming: Freeze (safe; 1% risk of failure)
Press: ? - help, Q - select action, (/) - cycle Shift-Dir - straight line, f/p - Pikel
Aim: Pikel, wielding a +2 whip of flaming and wearing a +0 robe (heavily wounded)
You freeze Pikel.
Pikel is heavily wounded.
Pikel says, "I just want to get paid!"
Pikel closely misses you.
Aiming: Freeze (safe; 1% risk of failure)
Press: ? - help, Q - select action, (/) - cycle Shift-Dir - straight line, f/p - Pikel
Aim: Pikel, wielding a +2 whip of flaming and wearing a +0 robe (heavily wounded)
You freeze Pikel.
Pikel is severely wounded.
Pikel hits you with a +2 whip of flaming!
Pikel burns you.
You take 14 damage, and have 21/47 hp.
MASSIVE DAMAGE!!
You now have 8/11 mp.
Aiming: Freeze (safe; 1% risk of failure)
Press: ? - help, Q - select action, (/) - cycle Shift-Dir - straight line, f/p - Pikel
Aim: Pikel, wielding a +2 whip of flaming and wearing a +0 robe (severely wounded)
You freeze Pikel.
Pikel is almost dead.
Pikel says, "You'll feel the lick of my whip!"
Pikel hits you with a +2 whip of flaming!
* * * LOW HITPOINT WARNING * * *
Pikel burns you.
* * * LOW HITPOINT WARNING * * *
You take 12 damage, and have 9/47 hp.
MASSIVE DAMAGE!!
Aiming: Freeze (safe; 1% risk of failure)
Press: ? - help, Q - select action, (/) - cycle Shift-Dir - straight line, f/p - Pikel
Aim: Pikel, wielding a +2 whip of flaming and wearing a +0 robe (severely wounded)
You freeze Pikel.
Pikel is almost dead.
Pikel hits you with a +2 whip of flaming.
* * * LOW HITPOINT WARNING * * *
Pikel burns you.
You die...

.........≈.#.≈...≈≈≈.#.≈.#
####.....≈.#.≈.##._≈.#.≈.#
##....≈.#.≈.#...≈.# ≈.#
##.....#.≈.#...≈.#.≈.#
###......#.≈.#_.≈≈.#.≈.#
##........#.≈.###...# ≈.#
..........#.≈....####.≈.#
...##.....#.≈≈≈≈≈.....≈.#
..........#.....@≈≈≈≈≈≈.#
..........#######K......#
######..........5########
.## ##).#..............
..## #.####............
...####g# ##...5.......
....##..# #...........
....##.## ##..K.......
..)....# #..........


You could see Pikel.

Vanquished Creatures
  A phantom (D:4)
  A scorpion (D:3)
  An orc wizard (D:2)
  Robin (D:3)
  3 gnolls (D:4)
  5 adders
  An ufetubus (D:4)
  A dart slug (D:1)
  3 orcs
  6 bats
  3 endoplasms
  2 giant cockroaches
  20 goblins
  7 hobgoblins
  3 quokkas
  7 ball pythons
  5 frilled lizards
  8 kobolds
  5 rats
83 creatures vanquished.

Notes
Turn   | Place    | Note
-------+----------+-------------------------------------------
     0 | D:1      | jasper the Draconian Wanderer began the quest for the Orb.
     0 | D:1      | jasper set off with the following items: a +0 falchion, a
                  | +0 hat, a potion of attraction; and the following spell
                  | memorised: Freeze; and the following spells available to
                  | memorise: Hailstorm, Ice Form.
     0 | D:1      | Reached XP level 1. HP: 16/16 MP: 2/2
   237 | D:1      | Reached XP level 2. HP: 23/23 MP: 2/4
   826 | D:1      | Reached XP level 3. HP: 20/28 MP: 1/6
  1149 | D:1      | Learned a level 3 spell: Hailstorm
  1481 | D:2      | Found a faded altar of an unknown god.
  1507 | D:2      | Found a burning altar of Makhleb.
  1583 | D:2      | Reached skill level 1 in Conjurations
  1972 | D:3      | Reached XP level 4. HP: 35/35 MP: 2/7
  2133 | D:3      | Found Yroulo's Armour Shoppe.
  2321 | D:3      | Noticed Robin
  2325 | D:3      | Noticed a scorpion
  2327 | D:3      | Reached skill level 5 in Ice Magic
  2344 | D:3      | Killed a scorpion
  2345 | D:3      | Reached XP level 5. HP: 40/40 MP: 5/9
  2349 | D:3      | Killed Robin
  2479 | D:3      | Found a shadowy altar of Dithmenos.
  2480 | D:3      | Found a sacrificial altar of Ru.
  2611 | D:3      | Learned a level 3 spell: Mephitic Cloud
  2637 | D:4      | Noticed a phantom
  2673 | D:4      | Killed a phantom
  2674 | D:4      | Reached XP level 6. HP: 9/47 MP: 9/11
  3119 | D:4      | Found an ornate altar of the Wu Jian Council.
  3120 | D:4      | Found a radiant altar of Vehumet.
  3133 | D:4      | Noticed Pikel
  3148 | D:4      | Slain by Pikel

Illustrated notes

Levels and vault maps discovered:
D:1:      zelgadis_glass_arrival_small, layout_basic, serial_rivers,
          chequers_serial_rivers_micro_e, chequers_serial_rivers_marsh,
          chequers_serial_rivers_small_b, chequers_serial_rivers_room_a,
          minmay_misc_feat_iff, st_stairs_9, minmay_misc_feat_chi
D:2:      layout_basic, basic_ecumenical_altar, basic_altar
D:3:      layout_rooms, gammafunk_temple_overflow_statue, serial_shops, shop,
          grunt_ministairs_8, uniq_robin
D:4:      layout_layer_cave, nicolae_overflow_squiral, minmay_misc_feat_roman,
          uniq_pikel

Skill      XL: |  1  2  3  4  5 |
---------------+----------------+-----
Spellcasting   | 2 3 |  3.9
Conjurations   | 1 2 3 |  3.4
Ice Magic      | 5 |  5.0
Fighting       | |  1.1
Long Blades    | |  2.0
Stealth        | |  1.7

Action                     |  1- 3 |  4- 6 || total
---------------------------+-------+-------++-------
  Melee: Falchion          |    50 |    24 ||    74
         Tailslap          |     5 |     3 ||     8
         Unarmed           |       |    13 ||    13
   Cast: Freeze            |    57 |    37 ||    94
         Hailstorm         |       |    10 ||    10
    Use: Potion            |       |     3 ||     3
   Stab: Sleeping          |     1 |       ||     1
 Armour: Skin              |    29 |    39 ||    68
  Dodge: Dodged            |    61 |    40 ||   101

Table legend: (Time is in decaauts)
 A = Elapsed time spent in this place.
 B = Non-inter-level travel time spent in this place.
 C = Inter-level travel time spent in this place.
 D = Time resting spent in this place.
 E = Time spent auto-exploring this place.
 F = Levels seen in this place.
 G = Mean time per level.
                   A        B        C        D        E       F      G
               +--------+--------+--------+--------+--------+-----+--------+
         Total |   3147 |   3079 |     68 |    100 |   2387 |   4 |  786.8 |
       Dungeon |   3147 |   3079 |     68 |    100 |   2387 |   4 |  786.8 |
               +--------+--------+--------+--------+--------+-----+--------+

Top non-repeatable levels by time:
     D:1: 1218 daAuts
     D:2: 883 daAuts
     D:3: 546 daAuts
     D:4: 499 daAuts
